 Dungeon Crawl Stone Soup version 0.29-a0-490-g77b3608 (webtiles) character file.

Game seed: 3316127593462671401

10765 Toastz the Fighter (level 11, -1/106 HPs)
             Began as a Djinni Ice Elementalist on May 26, 2022.
             Was an Elder of Fedhas.
             Slain by a manticore (10 damage)
             ... on level 9 of the Dungeon.
             The game lasted 00:30:39 (13254 turns).

Toastz the Fighter (Djinni Ice Elementalist)       Turns: 13254, Time: 00:30:40

Health: -1/106     AC: 25    Str:  7    XL:     11   Next: 99%
Gold:   447        EV: 11    Int: 21    God:    Fedhas [****..] SH:  0 Dex: 14

rFire   x . .      SeeInvis .   (weapon currently unavailable)
rCold   + + +      Faith    .   (shield currently unavailable)
rNeg    . . .      Spirit   .   (body armour currently unavailable)
rPois   ∞          Reflect  .   (helmet currently unavailable)
rElec   .          Harm     .   (cloak currently unavailable)
rCorr   .          Rampage  .   (gloves currently unavailable)
Will    +....                   (boots unavailable)
Stlth   ++........              (no amulet)
HPRegen 0.27/turn               F - +4 ring of protection
MPRegen 0.00/turn               m - +4 ring of slaying

@: ice-armoured, ice-form, spiked, freezing walls, flying, invisible
A: freezing attack, flying, boosted hp, sickness immunity, large, (fire
resistance 2), (cold vulnerability 1), float, innate caster, HP casting, extra
vitality 1
a: End Transformation, Renounce Religion, Wall of Briars, Grow Ballistomycete,
Overgrow


You were on level 9 of the Dungeon.
You worshipped Fedhas.
Fedhas was greatly pleased with you.
You were a creature of crystalline ice.
You visited 2 branches of the dungeon, and saw 10 of its levels.

You collected 471 gold pieces.
You spent 24 gold pieces at shops.

Inventory:

Hand Weapons
 a - a +4 hunting sling (melded)
 f - a +3 spear
 P - the +2 lajatang "Tezewk" {vorpal, Str+3}
   (You took it off an orc wizard on level 9 of the Dungeon)

   It inflicts extra damage upon your enemies.
   Str:       It affects your strength (+3).
Missiles
 h - 20 poisoned darts
 r - 4 javelins
 G - 6 curare-tipped darts
Armour
 c - a +0 robe (melded)
 s - a +0 buckler (melded)
 y - a +2 helmet of intelligence (melded)
 K - the +2 ring mail of Bonaneekk {Regen+ Str+2 Int+2 Dex-4}
   (You found it on level 8 of the Dungeon)

   Str:       It affects your strength (+2).
   Int:       It affects your intelligence (+2).
   Dex:       It affects your dexterity (-4).
   Regen:     It increases your rate of health regeneration.
Jewellery
 l - a ring of wizardry
 m - a +4 ring of slaying (right front paw)
 F - a +4 ring of protection (left front paw)
 H - an amulet of regeneration
 N - an amulet of faith
Wands
 p - a wand of flame (8)
 B - a wand of digging (1)
 C - a wand of paralysis (4)
 E - a wand of acid (5)
 I - a wand of iceblast (8)
Scrolls
 b - 2 scrolls of acquirement {unknown}
 d - 5 scrolls of teleportation
 n - 4 scrolls of immolation
 q - 2 scrolls of vulnerability {unknown}
 t - 2 scrolls of fog
 u - a scroll of noise {unknown}
 w - a scroll of blinking {unknown}
 D - a scroll of silence {unknown}
 L - 2 scrolls of identify
Potions
 e - 2 potions of haste
 i - 2 potions of mutation
 j - 3 potions of lignification {unknown}
 k - 6 potions of might
 o - a potion of cancellation {unknown}
 v - a potion of brilliance {unknown}
 x - 6 potions of curing
 z - 4 potions of magic {unknown}
 A - a potion of attraction {unknown}
 J - 2 potions of berserk rage {unknown}
 M - a potion of degeneration {unknown}
 O - 3 potions of ambrosia


   Skills:
 + Level 11.6 Fighting
 - Level 4.0 Dodging
 - Level 1.5 Stealth
 - Level 5.0 Shields
 + Level 9.7 Spellcasting
 * Level 4.2 Invocations


You had 5 spell levels left.
You knew the following spells:

 Your Spells              Type           Power      Damage    Failure   Level
a - Freeze                Ice            100%       1d11      1%          1
b - Frozen Ramparts       Ice            100%       1d12      1%          3
c - Ozocubu's Armour      Ice            50%        N/A       1%          3
d - Hailstorm             Conj/Ice       50%        3d11      1%          4
e - Mephitic Cloud        Conj/Pois/Air  50%        N/A       1%          3
f - Slow                  Hex            100%       N/A       1%          1
g - Passwall              Tmut/Erth      41%        N/A       1%          2
q - Ice Form              Ice/Tmut       50%        N/A       1%          4
x - Vampiric Draining     Necr           50%        2d9       1%          3
Your spell library was empty.

Dungeon Overview and Level Annotations

Branches:
Dungeon (9/15)             Temple (1/1) D:6
   Lair: D:8-11         Orc: D:9-12

Altars:
Ashenzari
Dithmenos
Elyvilon
Fedhas
Gozag
Hepliaklqana
Kikubaaqudgha
Makhleb
Nemelex Xobeh
Okawaru
Qazlal
Ru
Sif Muna
Trog
Uskayaw
Vehumet
Wu Jian
Xom
Yredelemnul
Zin
The Shining One

Shops:
D:1 ?   D:2 ?

Annotations:
D:4 2 runed translucent doors, SuisLittleHoshiymin's ghost, weakling FeAE


Innate Abilities, Weirdness & Mutations

You are a creature of crystalline ice.
You have a powerful freezing melee attack.
You are flying.
Your maximum health is increased.
Your armour is entirely melded.
You are incapable of wielding weapons or throwing items.
You are immune to sickness and miasma.
You are immune to poison.
((Your flesh is very heat resistant. (rF++)))
((You are vulnerable to cold. (rC-)))
You float through the air rather than walking.
You learn spells naturally, not from books.
Your magical power is your life essence.
You have superior vitality. (+4 MHP)


Message History

The manticore flicks its tail.
The volley of spikes hits you!!
The barbed spikes become lodged in your body.
Fire: a) +4 hunting sling
Press: ? - help, Q - select action, (/) - cycle Shift-Dir - straight line, f/p - manticore
Aim: a manticore (lightly wounded, 78% to hit)
You shoot a sling bullet. The sling bullet hits the manticore!
The manticore is moderately wounded.
The wall freezes the manticore.
The manticore flicks its tail.
The volley of spikes hits you!
The barbed spikes become lodged in your body.
* * * LOW HITPOINT WARNING * * *
Casting: Frozen Ramparts (safe; 1% risk of failure)
Confirm with . or Enter, or press ? or * to list all spells.
You turn into a creature of crystalline ice.
Your +4 hunting sling melds into your body.
Your +2 helmet of intelligence melds into your body.
Your +0 buckler melds into your body.
Your +0 robe melds into your body.
You feel stupid.
* * * LOW HITPOINT WARNING * * *
The wall freezes the manticore.
Casting: Ice Form (mildly dangerous; 1% risk of failure)
Confirm with . or Enter, or press ? or * to list all spells.
Aiming: Vampiric Draining (safe; 1% risk of failure)
Press: ? - help, Shift-Dir - straight line, f/p - manticore
Aim: a manticore (moderately wounded)
You draw life force from the manticore!
You feel life coursing into your body.
* * * LOW HITPOINT WARNING * * *
The wall freezes the manticore.
The manticore bites you!
* * * LOW HITPOINT WARNING * * *
The manticore claws you but does no damage.
The manticore misses you.
You fade into invisibility!
The wall freezes the manticore!
The manticore bites you but does no damage.
The manticore claws you but does no damage.
The manticore claws you!
You die...
Fedhas appreciates your contribution to the ecosystem.

...[.......##..##.##..
##+# #.#
....[)......##..#.#..#
##† ###....####..##... .
## .####...###...###'# .
# #.#.#....#....# #.##
#.# .#.###...#....## #.#
#.# #†#.#....'....'###.#
.' †#.#.#..##....#.#H#
...# #[#.##..#####.##Y##
:##.#
.#.##...##....###)## . #
.##.#...#....##..... . #
###.....#...##.......#
#.
........#..##.........#
#.
....#..###.#...........#
#.
##.##..###.#[..._._....#
#
#......#...'[....#.....'
. #......#...#)g?._._.
##


You could see a manticore (can't see you).

Vanquished Creatures
  A boulder beetle (D:9)
  2 two-headed ogres (D:8)
  A queen bee (D:8)
  Grinder (D:4)
  A slime creature (D:9)
  Sigmund (D:5)
  3 wyverns (D:9)
  Grum (D:9)
  11 yaks
  Eustachio (D:6)
  A basilisk (D:8)
  2 steam dragons
  2 acid dragons
  2 water moccasins
  Duvessa (D:4)
  2 sky beasts
  7 orc warriors
  A black bear (D:5)
  3 ogres
  4 wolves
  2 centaurs
  A phantom (D:5)
  2 kobold brigands
  2 necrophages (D:6)
  9 wights
  Dowan (D:4)
  26 killer bees
  5 howler monkeys
  2 hounds
  2 jellies
  6 orc priests
  4 gnoll shamans
  2 iguanas (D:5)
  15 orc wizards
  17 gnolls
  6 adders
  A shadow imp (D:6)
  2 ufetubi
  4 dart slugs
  40 orcs
  8 ball pythons
  7 endoplasms
  A giant cockroach (D:1)
  5 goblins
  6 hobgoblins
  4 jackals (D:5)
  9 quokkas
  5 bats
  5 frilled lizards
  13 kobolds
  8 rats
268 creatures vanquished.

Vanquished Creatures (others)
  An orc (D:9)
1 creature vanquished.

Grand Total: 269 creatures vanquished

Notes
Turn   | Place    | Note
-------+----------+-------------------------------------------
     0 | D:1      | Toastz the Djinni Ice Elementalist began the quest for the
                  | Orb.
     0 | D:1      | Reached XP level 1. HP: 15/15 MP: 0/0
   161 | D:1      | Reached skill level 1 in Fighting
   161 | D:1      | Reached XP level 2. HP: 22/22 MP: 0/0
   481 | D:1      | Found Jofin's Magic Scroll Emporium.
   610 | D:1      | Reached XP level 3. HP: 27/27 MP: 0/0
   610 | D:1      | Learned a level 1 spell: Slow
   773 | D:1      | Found a faded altar of an unknown god.
  1087 | D:2      | Found Joahe's Magic Scroll Emporium.
  1095 | D:2      | Reached skill level 2 in Fighting
  1099 | D:2      | Bought a scroll of identify for 24 gold pieces
  1461 | D:2      | Noticed an ogre
  1475 | D:2      | Killed an ogre
  1476 | D:2      | Reached skill level 3 in Fighting
  1476 | D:2      | Reached XP level 4. HP: 18/35 MP: 0/0
  1476 | D:2      | Reached XP level 5. HP: 21/40 MP: 0/0
  1476 | D:2      | Learned a level 2 spell: Passwall
  2347 | D:4      | Noticed Duvessa
  2360 | D:4      | Noticed Dowan
  2363 | D:4      | Killed Duvessa
  2364 | D:4      | Reached skill level 1 in Shields
  2364 | D:4      | Reached XP level 6. HP: 38/47 MP: 0/0
  2368 | D:4      | Killed Dowan
  2369 | D:4      | Reached skill level 4 in Fighting
  2630 | D:4      | Noticed Grinder
  2631 | D:4      | Paralysed by Grinder for 2 turns
  2642 | D:4      | Paralysed by Grinder for 3 turns
  2654 | D:4      | Killed Grinder
  2655 | D:4      | Reached skill level 5 in Spellcasting
  2655 | D:4      | Reached XP level 7. HP: 4/53 MP: 0/0
  2655 | D:4      | Learned a level 3 spell: Mephitic Cloud
  3133 | D:4      | Found a runed translucent door.
  3163 | D:4      | Reached skill level 5 in Fighting
  3268 | D:4      | Found a runed translucent door.
  3679 | D:4      | Noticed SuisLittleHoshiymin's ghost (weakling FeAE)
  3761 | D:5      | Entered Level 5 of the Dungeon
  3772 | D:5      | Reached XP level 8. HP: 47/59 MP: 0/0
  4141 | D:5      | Noticed Sigmund
  4152 | D:5      | Killed Sigmund
  4309 | D:5      | Reached skill level 6 in Fighting
  4461 | D:5      | Noticed a yak
  4461 | D:5      | Noticed a yak
  4471 | D:5      | Killed a yak
  4501 | D:5      | Noticed a yak
  4502 | D:5      | Noticed a yak
  4512 | D:5      | Killed a yak
  4512 | D:5      | Killed a yak
  4513 | D:5      | Reached XP level 9. HP: 29/67 MP: 0/0
  4513 | D:5      | Learned a level 3 spell: Vampiric Draining
  4514 | D:5      | Reached skill level 7 in Fighting
  5118 | D:6      | Noticed Eustachio
  5134 | D:6      | Killed Eustachio
  5599 | D:6      | Found a staircase to the Ecumenical Temple.
  5613 | Temple   | Entered the Ecumenical Temple
  5972 | Temple   | Became a worshipper of Fedhas Madash
  6380 | D:6      | Reached skill level 8 in Fighting
  6638 | D:7      | Reached skill level 5 in Shields
  6953 | D:7      | Reached XP level 10. HP: 71/76 MP: 0/0
  7535 | D:8      | Reached * piety under Fedhas
  7714 | D:8      | Reached skill level 9 in Fighting
  7786 | D:8      | Identified the +2 ring mail of Bonaneekk {Regen+ Str+2
                  | Int+2 Dex-4}
  8453 | D:8      | Reached ** piety under Fedhas
  8599 | D:8      | You are sucked into a shaft and drop 1 floor!
  8605 | D:9      | Reached skill level 10 in Fighting
  9339 | D:9      | Noticed a two-headed ogre
  9443 | D:8      | Reached XP level 11. HP: 48/85 MP: 0/0
  9443 | D:8      | Learned a level 4 spell: Ice Form
 10634 | D:8      | Killed a two-headed ogre
 10892 | D:9      | Found a glowing golden altar of the Shining One.
 10892 | D:9      | Noticed Grum
 10898 | D:9      | Reached *** piety under Fedhas
 10900 | D:9      | Killed Grum
 10901 | D:9      | Reached skill level 11 in Fighting
 10927 | D:9      | Found a shimmering altar of Xom.
 10927 | D:9      | Found a shimmering altar of Xom.
 10927 | D:9      | Found a blossoming altar of Fedhas.
 10982 | D:9      | Identified the +2 lajatang "Tezewk" {vorpal, Str+3}
 11317 | D:9      | Reached skill level 1 in Invocations
 11661 | D:9      | Noticed a two-headed ogre
 11678 | D:8      | Killed a two-headed ogre
 12803 | D:9      | Reached **** piety under Fedhas
 12830 | D:9      | Noticed a boulder beetle
 12841 | D:9      | Killed a boulder beetle
 13247 | D:9      | Noticed a manticore
 13254 | D:9      | Slain by a manticore

Illustrated notes

Levels and vault maps discovered:
D:1:      dpeg_arrival_water_temple_mockup, layout_loops_ring,
          chequers_ecumenical_altar_lobes, serial_shops,
          nicolae_shop_statue_plus
D:2:      layout_rooms, serial_shops, shop, nrook_mini_vaults,
          minmay_misc_feat_hallway
D:3:      layout_rooms, kennysheep_generic_room_11
D:4:      layout_loops_ring, ebering_ghost_sewer_f, uniq_grinder, uniq_duvessa
D:5:      layout_loops_corners, uniq_sigmund
D:6:      layout_basic, minmay_temple_entry_trees, uniq_eustachio
D:7:      nicolae_cairo_tiling_very_big, layout_basic
D:8:      layout_loops_corners, minmay_crystal_room
D:9:      minmay_the_grid_octo_tiled_octocenter
          [minmay_the_grid_octo_fan_narrow, minmay_the_grid_octo_horde,
          minmay_the_grid_octo_shrine, minmay_the_grid_octo_checkerflower,
          minmay_the_grid_octo_prize_ultimate_mussel_roller,
          minmay_the_grid_square_5x5_v, minmay_the_grid_square_5x5_minimal,
          minmay_the_grid_square_5x5_tetrominoes,
          minmay_the_grid_square_5x5_minibox], layout_gridville, minivault_7,
          uniq_grum
Temple:   mainiacjoe_temple_circle_huts

Skill      XL: |  1  2  3  4  5  6  7  8  9 10 11 |
---------------+----------------------------------+-----
Fighting       | 1 3 4 5 6 8 10 11 | 11.6
Spellcasting   | 4 5 6 7 8 9 |  9.7
Shields        | 1 2 3 5 |  5.0
Dodging        | 4 |  4.0
Invocations    | 4 |  4.2
Stealth        | |  1.5

Action                   |  1- 3 |  4- 6 |  7- 9 | 10-12 || total
-------------------------+-------+-------+-------+-------++-------
Melee: Hunting sling     |       |       |       |     1 ||     1
 Fire: Hunting sling     |    84 |    72 |   173 |   248 ||   577
 Cast: Freeze            |     8 |    10 |     2 |    34 ||    54
       Slow              |     4 |     2 |       |     2 ||     8
       Frozen Ramparts   |     1 |     6 |    17 |    30 ||    54
       Ozocubu's Armour  |     1 |     2 |    15 |    25 ||    43
       Mephitic Cloud    |       |       |     5 |    10 ||    15
       Hailstorm         |       |       |     3 |     3 ||     6
       Vampiric Draining |       |       |     2 |    46 ||    48
       Ice Form          |       |       |       |     3 ||     3
  Use: Scroll            |     3 |     1 |     3 |     3 ||    10
       Potion            |       |       |       |     2 ||     2
Armor: Robe              |     1 |     9 |    23 |    98 ||   131
       Skin              |       |       |       |    21 ||    21
Dodge: Dodged            |    14 |    19 |    34 |   182 ||   249
Block: Buckler           |       |     4 |    13 |    68 ||    85

Table legend: (Time is in decaauts)
 A = Elapsed time spent in this place.
 B = Non-inter-level travel time spent in this place.
 C = Inter-level travel time spent in this place.
 D = Time resting spent in this place.
 E = Time spent auto-exploring this place.
 F = Levels seen in this place.
 G = Mean time per level.
                   A        B        C        D        E       F      G
               +--------+--------+--------+--------+--------+-----+--------+
         Total |  13559 |  13061 |    498 |   4764 |   6445 |  10 | 1355.9 |
       Dungeon |  13183 |  12731 |    452 |   4764 |   6136 |   9 | 1464.8 |
        Temple |    376 |    330 |     46 |      0 |    309 |   1 |  376.0 |
               +--------+--------+--------+--------+--------+-----+--------+

Top non-repeatable levels by time:
     D:8: 4871 daAuts
     D:4: 1542 daAuts
     D:5: 1378 daAuts
     D:9: 1103 daAuts
     D:6: 1047 daAuts
     D:1: 978 daAuts
     D:7: 928 daAuts
     D:2: 783 daAuts
     D:3: 549 daAuts
  Temple: 376 daAuts
